 Dungeon Crawl Stone Soup version 0.19.5 (webtiles) character file.

357 GordonOverkill the Conjurer (level 6, -2/32 HPs)
             Began as a Deep Elf Conjurer on Apr 6, 2017.
             Slain by a slave (8 damage)
             ... led by Pikel
             ... on level 4 of the Dungeon.
             The game lasted 00:10:11 (4046 turns).

GordonOverkill the Conjurer (Deep Elf Conjurer)     Turns: 4046, Time: 00:10:12

Health: -2/32      AC:  3    Str:  5    XL:     6   Next: 37%
Magic:  3/16       EV: 13    Int: 22    God:
Gold:   243        SH:  0    Dex: 15    Spells: 5 memorised, 0 levels left

rFire  . . .     SeeInvis .     o - +2 whip (venom)
rCold  . . .     Gourm    .     a - +1 robe
rNeg   . . .     Faith    .     (no shield)
rPois  .         Spirit   .     (no helmet)
rElec  .         Reflect  .     (no cloak)
rCorr  +         Harm     .     (no gloves)
MR     .....                    (no boots)
Stlth  ++........               l - amulet of regeneration
                                (no ring)
                                e - ring of resist corrosion

@: no status effects
A: no striking features
a: no special abilities


You were on level 4 of the Dungeon.
You were not hungry.

You visited 1 branch of the dungeon, and saw 6 of its levels.

You collected 327 gold pieces.
You spent 84 gold pieces at shops.

Inventory:

Hand Weapons
 o - a +2 whip of venom (weapon)
Armour
 a - a +1 robe (worn)
Jewellery
 e - a ring of resist corrosion (left hand)
 l - an amulet of regeneration (around neck)
Wands
 f - a wand of confusion (29/48)
Scrolls
 m - a scroll of remove curse
Potions
 d - a potion of mutation {unknown}
 h - a potion of agility
 i - a potion of might {unknown}
 j - 4 potions of curing {unknown}
 k - a potion of lignification
 n - a potion of heal wounds {unknown}
 q - a potion of invisibility {unknown}
 r - 2 potions of ambrosia {unknown}
 s - a potion of resistance {unknown}
 v - a potion of flight {unknown}
Books
 b - a book of Flames

   Spells                             Type                      Level
   a - Flame Tongue                   Conjuration/Fire             1
   b - Throw Flame                    Conjuration/Fire             2
   c - Conjure Flame                  Conjuration/Fire             3
   d - Inner Flame                    Hexes/Fire                   3
   e - Sticky Flame                   Conjuration/Fire             4
   f - Fireball                       Conjuration/Fire             5
Comestibles
 c - 6 bread rations
 g - 3 meat rations
 p - 2 chunks of flesh
 t - a beef jerky


   Skills:
 - Level 2.4 Dodging
 - Level 2.4 Stealth
 + Level 5.4 Spellcasting
 + Level 7.2 Conjurations
 * Level 2.3 Charms


You couldn't memorise any spells.
You knew the following spells:

 Your Spells              Type           Power        Failure   Level  Hunger
a - Magic Dart            Conj           ####         1%          1    None
b - Searing Ray           Conj           #####.       1%          2    None
c - Iskenderun's Battles  Conj/Chrm      ####....     38%         5    #####..
d - Dazzling Spray        Conj/Hex       ###...       10%         3    ##.....
e - Iskenderun's Mystic   Conj           #####...     6%          4    ####...


Dungeon Overview and Level Annotations

Branches:
Dungeon (6/15)             Temple (0/1) D:4

Altars:
Gozag
Zin

Shops:
D:4 *

Annotations:
D:3 exclusion: downstairs
D:4 schorsch312's ghost, amateur MiFi


Message History

The slave is heavily wounded.
The slave hits you.
* * * LOW HITPOINT WARNING * * *
The searing ray hits the slave.
You kill the slave!
That felt strangely unrewarding.
The searing ray hits the slave.
The slave is almost dead.
You finish channeling your searing ray.
The slave closely misses you.
Casting: Searing Ray
Confirm with . or Enter, or press ? or * to list all spells.
Aiming: Searing Ray
Press: ? - help, Shift-Dir - straight line, f - slave
Aim: a slave, wearing an animal skin (almost dead)
The searing ray misses the slave. (Press . to maintain the ray.)
The slave hits you.
* * * LOW HITPOINT WARNING * * *
The searing ray misses the slave.
The slave hits you!
You die...

......# #.#
#####.# #p#
#.# #.# #.#
#p# #.# #.#
#.# #.#
#####.# #.#
......#
#.##########
#######
#.....p@...#
##########.#
#.# #.# #.#
#.# #.# #.#
#.#


You could see a slave.

Vanquished Creatures
  2 slaves (D:4)
  An ogre (D:4)
  2 hounds (D:2)
  An orc wizard (D:4)
  Ijyb (D:3)
  A worker ant (D:4)
  A gnoll (D:2)
  4 adders
  An ooze (D:5)
  A dart slug (D:3)
  A worm (D:2)
  A leopard gecko (D:1)
  9 orcs
  2 ball pythons
  3 giant cockroaches
  8 goblins
  7 hobgoblins
  2 quokkas (D:4)
  8 bats
  5 frilled lizards
  5 kobolds
  A quokka skeleton (D:4)
  23 rats
90 creatures vanquished.

Notes
Turn   | Place    | Note
-------+----------+-------------------------------------------
     0 | D:1      | GordonOverkill the Deep Elf Conjurer began the quest for the Orb.
     0 | D:1      | Reached XP level 1. HP: 10/10 MP: 6/6
   154 | D:1      | Reached XP level 2. HP: 15/15 MP: 6/8
   237 | D:1      | Reached skill level 5 in Conjurations
   425 | D:1      | Learned a level 2 spell: Searing Ray
   572 | D:1      | Reached XP level 3. HP: 19/19 MP: 4/9
  1545 | D:2      | Reached skill level 6 in Conjurations
  1545 | D:2      | Reached XP level 4. HP: 24/24 MP: 6/11
  1657 | D:2      | Reached XP level 5. HP: 18/28 MP: 1/12
  1683 | D:2      | Learned a level 5 spell: Iskenderun's Battlesphere
  1687 | D:2      | Learned a level 3 spell: Dazzling Spray
  1978 | D:3      | Found an opulent altar of Gozag.
  2199 | D:3      | Noticed Ijyb
  2205 | D:3      | Killed Ijyb
  2297 | D:3      | Found a glowing silver altar of Zin.
  2440 | D:3      | You fall through a shaft for 3 floors!
  2456 | D:5      | Entered Level 5 of the Dungeon
  3219 | D:4      | Reached skill level 1 in Charms
  3430 | D:4      | Noticed schorsch312's ghost (amateur MiFi)
  3517 | D:4      | Reached skill level 7 in Conjurations
  3594 | D:4      | Reached skill level 5 in Spellcasting
  3594 | D:4      | Reached XP level 6. HP: 28/32 MP: 2/15
  3805 | D:4      | Learned a level 4 spell: Iskenderun's Mystic Blast
  3908 | D:4      | Found Olintul's Assorted Antiques.
  3915 | D:4      | Bought a scroll labeled LIHES IGIAF for 29 gold pieces
  3915 | D:4      | Bought an orange potion for 26 gold pieces
  3915 | D:4      | Bought a scroll labeled TASCHI XOHO for 29 gold pieces
  3944 | D:4      | Noticed a slave
  3950 | D:4      | Killed a slave
  3951 | D:4      | Noticed a slave
  4027 | D:4      | Noticed a slave
  4043 | D:4      | Killed a slave
  4046 | D:4      | Slain by a slave

Skill      XL: |  1  2  3  4  5  6 |
---------------+-------------------+-----
Conjurations   | 5 6 7 |  7.2
Spellcasting   | 5 |  5.4
Charms         | 1 2 |  2.3
Dodging        | |  2.4
Stealth        | |  2.4

Action                   |  1- 3 |  4- 6 || total
-------------------------+-------+-------++-------
Melee: Whip              |       |     1 ||     1
 Cast: Magic Dart        |    86 |    92 ||   178
       Searing Ray       |       |    10 ||    10
  Use: Scroll            |     4 |     4 ||     8
  Eat: Chunk             |     2 |     7 ||     9
Armor: Robe              |       |     1 ||     1
Dodge: Dodged            |     2 |    23 ||    25
